 Dungeon Crawl Stone Soup version 0.28.0-47-ge53b351184 (webtiles) character file.

Game seed: 15575162945500385020

533 Zeld the Conjurer (level 7, 52/57 HPs)
             Began as a Purple Draconian Conjurer on May 2, 2022.
             Was an Initiate of Vehumet.
             Quit the game on level 4 of the Dungeon.
             The game lasted 00:09:15 (6872 turns).

Zeld the Conjurer (Purple Draconian Conjurer)       Turns: 6872, Time: 00:09:15

Health: 52/57      AC:  7    Str: 10    XL:     7   Next: 4%
Magic:  0/13       EV: 12    Int: 20    God:    Vehumet [......]
Gold:   182        SH:  0    Dex:  9    Spells: 4/15 levels left

rFire   . . .      SeeInvis .   (no weapon)
rCold   . . .      Faith    .   (no shield)
rNeg    . . .      Spirit   .   (armour unavailable)
rPois   +          Reflect  .   (helmet restricted)
rElec   .          Harm     .   h - +0 cloak
rCorr   .          Rampage  .   (no gloves)
Will    +....                   (no boots)
Stlth   ++........              (no amulet)
HPRegen 0.19/turn               c - ring of poison resistance
MPRegen 0.13/turn               (no ring)

@: no status effects
A: breathe power, AC +6, unfitting armour, cold-blooded
a: Breathe Dispelling Energy, Renounce Religion


You were on level 4 of the Dungeon.
You worshipped Vehumet.
Vehumet was noncommittal.
You visited 2 branches of the dungeon, and saw 6 of its levels.

You collected 208 gold pieces.
You spent 26 gold pieces at shops.

Inventory:

Armour
 h - a +0 cloak (worn)
Jewellery
 c - a ring of poison resistance (left hand)
Scrolls
 d - 2 scrolls of identify
 e - a scroll of blinking
 i - a scroll of teleportation
Potions
 a - a potion of flight {unknown}
 b - 2 potions of mutation {unknown}
 f - a potion of cancellation {unknown}
 g - 3 potions of curing {unknown}
 j - a potion of haste {unknown}
 k - a potion of magic {unknown}


   Skills:
 * Level 3.6 Fighting
 + Level 2.8 Dodging
 + Level 3.1 Stealth
 * Level 4.6 Spellcasting
 * Level 5.4 Conjurations
 + Level 0.5 Hexes
 + Level 0.4 Translocations


You had 4 spell levels left.
You knew the following spells:

 Your Spells              Type           Power      Damage    Failure   Level
a - Magic Dart            Conj           100%       1d8       1%          1
b - Searing Ray           Conj           52%        2d6       1%          2
c - Fulminant Prism       Conj/Hex       8%         3d7       34%         4
d - Iskenderun's Mystic   Conj/Tloc      16%        2d5       34%         4

Your spell library contained the following spells:

 Spells                   Type           Power      Damage    Failure   Level
 Dazzling Flash           Conj/Hex       32%        N/A       11%         3
 Summon Small Mammal      Summ           16%        N/A       12%         1
 Summon Guardian Golem    Hex/Summ       5%         N/A       32%         3
 Call Canine Familiar     Summ           4%         N/A       36%         3


Dungeon Overview and Level Annotations

Branches:
Dungeon (5/15)             Temple (1/1) D:4

Altars:
Fedhas
Gozag
Kikubaaqudgha
Nemelex Xobeh
Okawaru
Qazlal
Ru
Uskayaw
Vehumet
Wu Jian
Xom
Yredelemnul

Shops:
D:1 ?

Annotations:
D:4 Dowan


Innate Abilities, Weirdness & Mutations

You can breathe bolts of dispelling energy.
Your rich purple scales are hard. (AC +6)
You cannot fit into any form of body armour.
You are cold-blooded and may be slowed by cold attacks.


Message History

You can breathe bolts of dispelling energy.
Dowan is nearby!
Dowan is nearby!
Dowan is nearby!
Dowan shouts!
Dowan seems to find hidden reserves of power!
Casting: Searing Ray (safe; 1% risk of failure)
Confirm with . or Enter, or press ? or * to list all spells.
Aiming: Searing Ray (safe; 1% risk of failure)
Press: ? - help, Shift-Dir - straight line, f - Dowan
Aim: Dowan, wielding a +1 dagger of flaming and wearing a +0 robe (fast, 71% to hit)
The searing ray hits Dowan!
Dowan is moderately wounded. (Press . to maintain the ray.)
The searing ray hits Dowan.
Dowan is moderately wounded.
The searing ray hits Dowan but does no damage.
Dowan is moderately wounded.
Dowan closely misses you. x2
The searing ray hits Dowan!
Dowan is severely wounded.
You finish channelling your searing ray.
Dowan barely misses you.
Casting: Searing Ray (safe; 1% risk of failure)
Confirm with . or Enter, or press ? or * to list all spells.
Aiming: Searing Ray (safe; 1% risk of failure)
Press: ? - help, Shift-Dir - straight line, f/p - Dowan
Aim: Dowan, wielding a +1 dagger of flaming and wearing a +0 robe (severely wounded, fast, 71% to hit)
The searing ray hits Dowan.
Dowan is almost dead. (Press . to maintain the ray.) Dowan casts a spell.
Dowan blinks!
Dowan points at you and mumbles some strange words.
The stone arrow misses you.
Dowan mumbles some strange words.
Dowan blinks!
Dowan casts a spell.
Dowan blinks!
Are you sure you want to abandon this character and quit the game? (Confirm with "yes".)

######....# #...#.##.##.#.#.### #
##########'#.#e##.##.#.#.###
##########........#.##.##.#'#....
.......................##.......#
.########...........####'.......#
.# #.........ยง.#####.......# ##
##........)....# #.......#
#.........<..#.# #.......#
#........@.....# #.......#
.....................###########
e.....######...[..>..#.....####{
...... #........##.....'...#
###.. #........##.....#.### ###
#........##.....#.###
#...........)...#....
#.........###..######
#######'#.###........


You could see Dowan (fast).

Vanquished Creatures
  Eustachio (D:4)
  Duvessa (D:4)
  A gnoll shaman (D:4)
  An orc priest (D:4)
  An orc wizard (D:4)
  Natasha (D:4)
  A hound zombie (D:5)
  3 adders
  4 gnolls (D:4)
  4 worms
  A dart slug (D:2)
  11 orcs
  4 endoplasms
  2 giant cockroaches
  4 goblins
  5 hobgoblins
  9 kobolds
  4 quokkas
  13 ball pythons
  3 bats
  5 frilled lizards
  3 rats
82 creatures vanquished.

Notes
Turn   | Place    | Note
-------+----------+-------------------------------------------
     0 | D:1      | Zeld the Draconian Conjurer began the quest for the Orb.
     0 | D:1      | Reached XP level 1. HP: 14/14 MP: 3/3
   259 | D:1      | Reached XP level 2. HP: 22/22 MP: 3/5
   289 | D:1      | Learned a level 2 spell: Searing Ray
   460 | D:1      | Reached skill level 1 in Fighting
   598 | D:1      | Found Ref Qyub's Magic Scroll Emporium.
   603 | D:1      | Bought a scroll of identify for 26 gold pieces
  1510 | D:2      | Found a faded altar of an unknown god.
  1622 | D:2      | Reached XP level 3. HP: 28/28 MP: 1/6
  2618 | D:3      | Reached XP level 4. HP: 36/36 MP: 1/7
  3497 | D:3      | Found a blossoming altar of Fedhas.
  3647 | D:4      | Found a staircase to the Ecumenical Temple.
  3651 | D:4      | Noticed Eustachio
  4029 | Temple   | Entered the Ecumenical Temple
  4461 | D:4      | Reached XP level 5. HP: 41/41 MP: 3/9
  5695 | D:5      | Entered Level 5 of the Dungeon
  5734 | D:5      | Found a radiant altar of Vehumet.
  5739 | D:5      | Became a worshipper of Vehumet
  5866 | D:4      | Reached skill level 5 in Conjurations
  6073 | D:4      | Killed Eustachio
  6074 | D:4      | Reached XP level 6. HP: 29/51 MP: 0/11
  6083 | D:4      | Learned a level 4 spell: Fulminant Prism
  6088 | D:4      | Learned a level 4 spell: Iskenderun's Mystic Blast
  6442 | D:4      | Identified the +4 spear "Arinexi" {protect, *Rage Str+2
                  | Int+6}
  6459 | D:4      | Noticed Natasha
  6462 | D:4      | Killed Natasha
  6581 | D:4      | Noticed Duvessa
  6583 | D:4      | Noticed Dowan
  6854 | D:4      | Killed Duvessa
  6855 | D:4      | Your scales start taking on a rich purple colour.
  6855 | D:4      | Reached XP level 7. HP: 49/57 MP: 7/13
  6872 | D:4      | Quit the game

Illustrated notes

Levels and vault maps discovered:
D:1:      psy_arrival_radial01, layout_loops_cross, serial_shops,
          nicolae_shop_hallway_plus
D:2:      layout_loops_cross, chequers_ecumenical_altar_lobes
D:3:      layout_basic, fedhas_altar_fruit_tree, serial_curves, eino_curves_01,
          eino_curves_02, eino_curves_03
D:4:      layout_basic, mainiacjoe_overflow_divided_tiny, temple_fountains,
          uniq_duvessa, uniq_eustachio, uniq_natasha, uniq_sigmund
D:5:      layout_loops_ring, mainiacjoe_overflow_six_doors_small,
          uniq_prince_ribbit1, uniq_pikel, uniq_grinder
Temple:   cyrus_temple_forest

Skill      XL: |  1  2  3  4  5  6 |
---------------+-------------------+-----
Fighting       | 1 2 3 |  3.6
Dodging        | 2 |  2.8
Stealth        | 2 3 |  3.1
Spellcasting   | 3 4 |  4.6
Conjurations   | 5 |  5.4
Hexes          | |  0.5
Translocations | |  0.4

Action                   |  1- 3 |  4- 6 |  7- 9 || total
-------------------------+-------+-------+-------++-------
Melee: Unarmed           |    28 |    81 |       ||   109
       Tailslap          |     4 |     7 |       ||    11
       Punch             |     1 |     1 |       ||     2
 Cast: Magic Dart        |    66 |    61 |       ||   127
       Searing Ray       |     7 |    21 |     2 ||    30
  Use: Scroll            |       |     4 |       ||     4
Armor: Skin              |    10 |    99 |       ||   109
Dodge: Dodged            |    13 |   139 |     4 ||   156
